AoeStats
← The_Kraken

Arabia

510228987Analyzed
1v1 RM · 10h ago on Sep 30, 2026· 41m 8s· 2 players
Game mode
Random Map
Map size
Tiny (2 player)
Population
200
Speed
Normal
Resources
Standard
Victory
Conquest
Starting age
Dark Age
Ending age
Imperial Age
RankedLock teamsTeams togetherTeam positionsShared explorationLock speedFull tech treeHidden civsTurbo modeCheats
Victory
Defeat
🇦🇷 Mongols · Argentina
971
+15
🇨🇴 Varangians · Colombia
941
-15
The_Kraken
7:20 Loom
9:43 Feudal Age
12:52 Bloodlines
12:42 Double-Bit Axe
20:43 Horse Collar
21:02 Fletching
22:25 Wheelbarrow
26:22 Castle Age
24:56 Gold Mining
26:19 Scale Barding Armor
26:22 Scale Mail Armor
28:38 Bow Saw
30:03 Bodkin Arrow
30:25 Chain Mail Armor
30:07 Gambesons
30:23 Squires
ElAguuz
5:35 Loom
8:04 Feudal Age
9:16 Double-Bit Axe
11:53 Horse Collar
20:16 Wheelbarrow
23:04 Castle Age
22:03 Bloodlines
22:04 Forging
21:59 Scale Barding Armor
28:16 Chain Barding Armor
28:32 Iron Casting
29:43 Town Watch
36:08 Heavy Plow
Connection lost

Rejoining the realm…

Still unreachable

The connection could not be restored.

Session expired

The server has moved on; the page needs a fresh start.